 Dungeon Crawl Stone Soup version 0.27-a0-1136-g0b992a5a9d (webtiles) character file.

Game seed: 7279553720398785416

79 karrick the Shield-Bearer (level 4, 0/29 HPs)
             Began as a Gargoyle Fighter on May 5, 2021.
             Killed from afar by a white imp (4 damage)
             ... with a puff of frost
             ... summoned by Natasha
             ... on level 3 of the Dungeon.
             The game lasted 00:02:01 (2347 turns).

karrick the Shield-Bearer (Gargoyle Fighter)        Turns: 2347, Time: 00:02:03

Health: 0/29       AC: 11    Str: 19    XL:     4   Next: 37%
Magic:  0/4        EV:  7    Int:  9    God:
Gold:   78         SH:  9    Dex: 10    Spells: 3/3 levels left

rFire    . . .     SeeInvis .   a - +0 flail
rCold    . . .     Faith    .   c - +0 kite shield
rNeg     + . .     Spirit   +   b - +0 scale mail
rPois    ∞         Reflect  .   l - +0 helmet
rElec    +         Harm     .   (no cloak)
rCorr    .         Rampage  .   (no gloves)
Will     +....                  (no boots)
Stlth    ..........             k - amulet of guardian spirit
HPRegen  0.09/turn              m - ring of willpower
MPRegen  0.09/turn              (no ring)

@: mighty
A: sickness immunity, AC +3, negative energy resistance 1, electricity
resistance, torment resistance 1, unbreathing 1, petrification resistance
a: no special abilities


You were on level 3 of the Dungeon.
You visited 1 branch of the dungeon, and saw 3 of its levels.

You collected 78 gold pieces.

Inventory:

Hand Weapons
 a - a +0 flail (weapon)
Armour
 b - a +0 scale mail (worn)
 c - a +0 kite shield (worn)
 l - a +0 helmet (worn)
Jewellery
 k - an amulet of guardian spirit (around neck)
 m - a ring of willpower (left hand)
Scrolls
 e - a scroll of enchant weapon {unknown}
 f - 2 scrolls of identify {unknown}
Potions
 d - a potion of might
 g - a potion of invisibility {unknown}
 h - a potion of lignification {unknown}
 i - a potion of ambrosia {unknown}
 j - a potion of degeneration {unknown}


   Skills:
 + Level 3.6 Fighting
 + Level 3.0 Maces & Flails
 + Level 3.7 Armour
 + Level 0.1 Dodging
 + Level 4.2 Shields


You had 3 spell levels left.
You didn't know any spells.
Your spell library was empty.

Dungeon Overview and Level Annotations

Branches:
Dungeon (3/15)

Altars:

Shops:
D:2 [

Annotations:
D:3 Natasha


Innate Abilities, Weirdness & Mutations

You are immune to sickness and miasma.
Your stone body is resilient. (AC +3)
You are immune to poison.
You resist negative energy. (rN+)
You are resistant to electric shocks. (rElec)
You are resistant to unholy torment.
You can survive without breathing.
You are immune to petrification.


Message History

You closely miss Natasha.
The jackal barks!
The white imp hits you. The white imp freezes you. You block Natasha's attack.
The white imp gestures at you. The puff of frost hits you!
You are too injured to fight recklessly!
You hit Natasha.
Natasha is moderately wounded.
Natasha claws you but does no damage. The white imp completely misses you.
You block Natasha's attack.
You barely miss Natasha.
Natasha is moderately wounded.
The white imp hits you but does no damage.
Natasha claws you but does no damage. You block the white imp's attack.
You feel very mighty all of a sudden. Natasha casts a spell at you.
You resist with almost no effort.
The white imp hits you but does no damage.
You hit Natasha.
Natasha is severely wounded.
Natasha claws you but does no damage.
The white imp hits you but does no damage.
Natasha closely misses you.
You closely miss Natasha.
Natasha is severely wounded.
The white imp hits you but does no damage.
Natasha drinks a potion.
Natasha is healed!
The white imp hits you but does no damage.
You closely miss Natasha.
Natasha is lightly wounded.
Natasha claws you.
* * * LOW HITPOINT WARNING * * *
The white imp barely misses you. You block Natasha's attack.
You closely miss Natasha.
Natasha is lightly wounded.
You block the white imp's attack. Natasha claws you.
* * * LOW HITPOINT WARNING * * *
The white imp gestures at you. The puff of frost hits you.
You die...

### #######.##
...(...#.#
#######.## #<#
#.# #.#
#5########
#.@hShh...
.......########
######.# #.#
#.# #$# ..# #.


You could see Natasha, a white imp (summoned), 2 jackals and a ball python.

Vanquished Creatures
  4 adders (D:2)
  5 bats
  4 endoplasms
  4 giant cockroaches
  2 goblins (D:2)
  3 hobgoblins (D:2)
  3 jackals (D:1)
  3 quokkas (D:1)
  5 ball pythons
  3 frilled lizards
  2 kobolds
  3 rats (D:2)
41 creatures vanquished.

Notes
Turn   | Place    | Note
-------+----------+-------------------------------------------
     0 | D:1      | karrick the Gargoyle Fighter began the quest for the Orb.
     0 | D:1      | Reached XP level 1. HP: 14/14 MP: 1/1
   219 | D:1      | Reached XP level 2. HP: 16/19 MP: 2/2
  1048 | D:2      | Found Ynu Avemp's Antique Armour Shop.
  1110 | D:2      | Reached XP level 3. HP: 12/23 MP: 3/3
  1476 | D:2      | Reached skill level 4 in Shields
  1715 | D:2      | Reached XP level 4. HP: 25/29 MP: 4/4
  2334 | D:3      | Noticed Natasha
  2347 | D:3      | Killed from afar by a white imp

Illustrated notes

Levels and vault maps discovered:
D:1:      dpeg_arrival_tiny_a, layout_loops_ring, grunt_decor_clamped,
          st_stairs_6, serial_bayou_crossing
D:2:      layout_basic, serial_shops, shop, small_statue_intersection,
          st_stairs_12, hangedman_abyss_or_decor_lesser_grid,
          minmay_close_crescents
D:3:      minmay_chambers_of_twos, layout_loops_ring, minitemple,
          shapermc_ecumenical_altar_hornbeckon, uniq_purgy, uniq_natasha

Skill      XL: |  1  2  3  4 |
---------------+-------------+-----
Shields        | 4 |  4.2
Maces & Flails | 3 |  3.0
Fighting       | |  3.6
Armour         | |  3.7
Dodging        | |  0.1

Action                   |  1- 3 |  4- 6 || total
-------------------------+-------+-------++-------
Melee: Flail             |   129 |    46 ||   175
  Use: Potion            |       |     1 ||     1
Armor: Scale mail        |    69 |    30 ||    99
Dodge: Dodged            |    37 |    22 ||    59
Block: Kite shield       |    77 |    28 ||   105

Table legend: (Time is in decaauts)
 A = Elapsed time spent in this place.
 B = Non-inter-level travel time spent in this place.
 C = Inter-level travel time spent in this place.
 D = Time resting spent in this place.
 E = Time spent auto-exploring this place.
 F = Levels seen in this place.
 G = Mean time per level.
                   A        B        C        D        E       F      G
               +--------+--------+--------+--------+--------+-----+--------+
         Total |   2441 |   2386 |     55 |    321 |   1653 |   3 |  813.7 |
       Dungeon |   2441 |   2386 |     55 |    321 |   1653 |   3 |  813.7 |
               +--------+--------+--------+--------+--------+-----+--------+

Top non-repeatable levels by time:
     D:2: 1320 daAuts
     D:1: 1093 daAuts
     D:3: 26 daAuts
